General information
- name: BNet
- type: Ladder 1vs1/FFA
- host: Battle.net
- saver: grannysghost
map: CentaurGrove
- players: 2
- length: 11:32
- speed: Fast
- version: 1.26 W3XP
- replay type: Public
» download(35 KB)
Players
team 1 (winner)
grannysghost (
red | 66 APM | 766 actions | 11:32)
3 Pandaren Brewmaster
2 Breath of Fire
1 Drunken Haze
» actions
| Assign group hotkey | 17 | |
| Basic commands | 18 | |
| Build / train | 56 | |
| ESC pressed | 8 | |
| Enter build submenu | 27 | |
| Enter hero's abilities submenu | 3 | |
| Right click | 198 | |
| Select / deselect | 191 | |
| Select group hotkey | 163 | |
| Use ability | 85 | |
766 total
» units
| Peasant | 31 | |
| Goblin Shredder | 1 | |
| Goblin Zeppelin | 1 | |
| Goblin Sapper | 3 | |
36 total
» upgrades
» buildings
| Lumber Mill | 4 | |
| Scout Tower | 14 | |
| Guard Tower | 7 | |
| Farm | 3 | |
| Arcane Tower | 3 | |
| Town Hall | 1 | |
| Altar of Kings | 1 | |
| Keep | 1 | |
| Arcane Vault | 1 | |
35 total
» build order
00:10 Lumber Mill
00:56 Scout Tower
01:04 Scout Tower
01:10 Guard Tower
01:12 Scout Tower
01:25 Guard Tower
01:28 Scout Tower
01:30 Scout Tower
01:45 Guard Tower
01:46 Guard Tower
02:04 Farm
02:13 Scout Tower
02:28 Scout Tower
02:57 Arcane Tower
03:09 Scout Tower
03:13 Farm
04:15 Guard Tower
05:40 Scout Tower
05:50 Scout Tower
06:10 Town Hall
06:54 Altar of Kings
07:13 Arcane Tower
07:18 Scout Tower
07:53 Arcane Tower
07:55 Scout Tower
08:02 Farm
09:04 Lumber Mill
09:05 Lumber Mill
09:07 Lumber Mill
09:19 Keep
09:33 Guard Tower
10:06 Arcane Vault
10:36 Scout Tower
10:36 Scout Tower
11:30 Guard Tower
» items
| Scroll of Regeneration | 2 | |
| Lesser Clarity Potion | 2 | |
4 total
team 2 (loser)
TakeThisLife (
pink | 67 APM | 775 actions | 11:31)
1 Goblin Tinker
1 Pocket Factory
» actions
| Assign group hotkey | 5 | |
| Basic commands | 55 | |
| Build / train | 23 | |
| Enter build submenu | 10 | |
| Enter hero's abilities submenu | 1 | |
| Right click | 372 | |
| Select / deselect | 182 | |
| Select group hotkey | 70 | |
| Use ability | 57 | |
775 total
» units
» buildings
| Altar of Elders | 2 | |
| Moon Well | 5 | |
| Ancient of War | 1 | |
| Tree of Life | 2 | |
10 total
» build order
00:06 Altar of Elders
00:17 Moon Well
01:09 Ancient of War
01:46 Moon Well
02:31 Moon Well
04:49 Moon Well
05:05 Tree of Life
05:08 Tree of Life
05:29 Altar of Elders
06:33 Moon Well
Chat log
(00:11 / All) TakeThisLife: gggl
(00:20 / All) grannysghost: your name looks like an emo band name
(00:22 / All) grannysghost: or emo album name
(00:30 / All) TakeThisLife: it's actually a song
(00:34 / All) grannysghost: an emo song?
(00:40 / All) TakeThisLife: metal
(00:42 / All) TakeThisLife: not emo
(00:44 / All) grannysghost: screamo?
(00:48 / All) TakeThisLife: nah
(00:51 / All) grannysghost: spounds like a screamo song name
(01:02 / All) TakeThisLife: oo
(01:05 / All) TakeThisLife: this looks like fun
(01:15 / All) grannysghost: it is
(01:20 / All) grannysghost: tower rushign is all i do anymore
(02:17 / All) grannysghost: did u just restart ur hero
(02:17 / All) grannysghost: lol
(05:14 / All) TakeThisLife: lolwot
(08:36 / All) TakeThisLife: that
(08:41 / All) TakeThisLife: was more difficult
(08:43 / All) TakeThisLife: that i thought
(08:44 / All) TakeThisLife: it was
(08:48 / All) TakeThisLife: didn't have gold
(08:50 / All) TakeThisLife: for tink
(09:46 / All) TakeThisLife: the real one
(09:47 / All) TakeThisLife: is the one
(09:49 / All) TakeThisLife: on the farm left
(09:58 / All) TakeThisLife: far*
(10:11 / All) TakeThisLife: gold it
(10:13 / All) TakeThisLife: called*